 Dungeon Crawl Stone Soup version 0.31.0-12-g77e489cdc1 (webtiles) character file.

Game seed: 11814122420930175658

4588 jimonade the Thaumaturge (level 10, 0/60 HPs)
             Began as a Djinni Fire Elementalist on Feb 27, 2024.
             Was a Follower of Ashenzari.
             Slain by Amaemon
             ... wielding a -2 demon whip of venom
              (1 damage)
             ... on level 8 of the Dungeon on Feb 28, 2024.
             The game lasted 00:23:00 (7744 turns).

jimonade the Thaumaturge (Djinni Fire Elementalist) Turns: 7744, Time: 00:23:01

Health: 0/60       AC:  7    Str:  7    XL:     10   Next: 68%
Gold:   506        EV: 18    Int: 26    God:    Ashenzari [*.....] SH:  0 Dex: 15

rFire   + + .        f - staff of air
rCold   x . .        (no shield)
rNeg    . . .        X - +0 steam dragon scales
rPois   ∞            z - +0 helmet of the Stellar Fetters {Cun, Bglg} (curse)
rElec   +            (no cloak)
rCorr   .            J - +0 pair of gloves of Desmomancy {Bglg, Fort} (curse)
SInv    .            (boots unavailable)
Will    +....        (no amulet)
Stlth   ++           n - +6 ring of intelligence
HPRegen 0.30/turn    u - +5 ring of evasion
MPRegen 0.00/turn

%: infuse magic (-1 HP)
@: flying
A: sickness immunity, fire resistance 2, cold vulnerability 1, float, innate
caster, HP casting, extra vitality 1
a: Renounce Religion, Shatter the Chains


You were on level 8 of the Dungeon.
You worshipped Ashenzari.
Ashenzari was aware of your devotion.
You visited 1 branch of the dungeon, and saw 8 of its levels.
You also visited: Bailey.

You collected 506 gold pieces.

Inventory:

Hand Weapons
 a - a +0 heavy orcbow
 y - a +1 whip of holy wrath
 A - a +2 whip of freezing
 E - a +0 short sword of venom
 F - a +2 quarterstaff of chaos
 L - a +0 orcbow
 S - the +7 halberd of Hoguodd {holy, Fly Dex-3 SInv Stlth+}
   (You found it in a bailey)

   Dex-3:     It affects your dexterity (-3).
   SInv:      It lets you see invisible.
   Fly:       It grants you flight.
   Stlth+:    It makes you more stealthy.
 V - the +1 sling "Baurphae" {heavy, Int+6}
   (You took it off a kobold in a bailey)

   Int+6:     It affects your intelligence (+6).
Missiles
 l - a throwing net
 N - a curare-tipped dart
 O - 9 poisoned darts
Armour
 j - a +0 cloak
 z - the cursed +0 helmet of the Stellar Fetters (worn) {Cun, Bglg}
   (You took it off Robin on level 4 of the Dungeon)

   It has a curse which improves the following skills: Cunning: Dodging and
   Stealth.
   Beguiling: Hexes and Translocations.
 J - the cursed +0 pair of gloves of Desmomancy (worn) {Bglg, Fort}
   (You found it on level 6 of the Dungeon)

   It has a curse which improves the following skills: Beguiling: Hexes and
   Translocations.
   Fortitude: Armour and Shields.
 P - a +1 leather armour of poison resistance
 R - a +0 cloak
 X - +0 steam dragon scales (worn)
Magical Staves
 f - a staff of air (weapon)
Jewellery
 n - a +6 ring of intelligence (left hand)
 u - a +5 ring of evasion (right hand)
Talismans
 g - a maw talisman
 p - a blade talisman
 Q - a serpent talisman
Wands
 t - a wand of roots (32)
 x - a wand of charming (9)
 M - a wand of digging (5)
Scrolls
 d - 4 scrolls of enchant armour
 e - 7 scrolls of identify
 h - 4 scrolls of poison
 i - 2 scrolls of noise
 o - a scroll of amnesia
 q - a scroll of teleportation
 r - 2 scrolls of vulnerability
 I - a scroll of blinking
 U - 3 scrolls of silence
Potions
 b - 3 potions of curing
 c - 4 potions of heal wounds
 m - a potion of lignification
 s - a potion of invisibility
 v - a potion of cancellation
 w - a potion of resistance
 B - 5 potions of enlightenment
 H - 2 potions of mutation
 K - 3 potions of might
 T - a potion of attraction
Miscellaneous
 k - a phial of floods


   Skills:
 - Level 2.1(2.8) Dodging
 - Level 1.5(2.1) Stealth
 + Level 12.1 Spellcasting
 + Level 12.1 Conjurations
 + Level 12.1(13.2) Hexes
   Level 0.0 Charms
 + Level 12.1 Summonings
 + Level 12.1 Necromancy
 + Level 12.1(13.2) Translocations
   Level 0.0 Transmutations
 + Level 12.1 Fire Magic
 + Level 12.1 Ice Magic
 + Level 12.1 Air Magic
 + Level 12.1 Earth Magic
 + Level 12.1 Alchemy


You knew the following spells:

 Your Spells              Type           Power      Damage    Failure   Level
a - Foxfire               Conj/Fire      100%       2x1d9     1%          1
b - Scorch                Fire           100%       2d9       1%          2
c - Volatile Blastmotes   Fire/Tloc      100%       2d18      1%          3
d - Inner Flame           Hex/Fire       69%        N/A       1%          3
e - Flame Wave            Conj/Fire      68%        2d15      1%          4
f - Kiss of Death         Conj/Necr      100%       2d13      1%          1
g - Call Imp              Summ           100%       N/A       1%          2
h - Static Discharge      Conj/Air       100%       3-8/arc   1%          2
i - Airstrike             Air            43%        2d(7-23)  1%          4
Your spell library was empty.

Dungeon Overview and Level Annotations

Branches:
Dungeon (8/15) Zot: 26371  Temple (0/1) D:7          Bailey (visited)
   Lair: D:8-11

Altars:
Ashenzari
Cheibriados
Fedhas
Gozag
Okawaru
Yredelemnul
Zin
The Shining One

Shops:
D:3 (

Annotations:
D:8 Amaemon


Innate Abilities, Weirdness & Mutations

You are immune to sickness and miasma.
You are immune to poison.
Your flesh is very heat resistant. (rF++)
You are vulnerable to cold. (rC-)
You float through the air rather than walking.
You learn spells naturally, not from books.
Your magical power is your life essence.
You have superior vitality. (+4 MHP)


Message History

Casting: Foxfire (safe; 1% risk of failure)
Press: ? - help, Q - select action, (/) - cycle Dir - look around, f - activate You conjure some foxfire!
The orc wizard casts a spell.
The orc wizard flickers and vanishes!
Deactivating autopickup; reactivate with Ctrl-A.
The foxfire hits the kobold.
The kobold explodes!
The fiery explosion engulfs the kobold!
The fiery explosion engulfs something!
The kobold explodes!
The fiery explosion engulfs the kobold brigand!
Flame seeps out of the kobold brigand.
The kobold brigand is moderately wounded.
The fiery explosion engulfs something!!
Reactivating autopickup.
You feel a bit more experienced.
The kobold brigand is engulfed in blazing flames.
Flame seeps out of the kobold brigand.
The kobold brigand throws a curare-tipped dart.
The curare-tipped dart hits you. You resist.
You hear a shout!
Casting: Foxfire (safe; 1% risk of failure)
Press: ? - help, Q - select action, (/) - cycle Dir - look around, f - activate You conjure some foxfire!
The kobold brigand is engulfed in blazing flames.
Flame seeps out of the kobold brigand.
The kobold brigand throws a curare-tipped dart.
The curare-tipped dart barely misses you.
Casting: Foxfire (safe; 1% risk of failure)
Press: ? - help, Q - select action, (/) - cycle Dir - look around, f - activate You conjure some foxfire!
The kobold brigand is engulfed in blazing flames.
The kobold brigand explodes!
Casting: Foxfire (safe; 1% risk of failure)
Confirm with . or Enter, or press ? or * to list all spells.
Aiming: Inner Flame (safe; 1% risk of failure)
Press: ? - help, Dir - move target, f - orc
Aim: an orc, wielding a +0 hand axe (ally target, chance to affect: 99%)
The orc is filled with an inner flame.
The foxfire hits the orc.
Flame seeps out of the orc.
The orc is severely wounded.
The foxfire hits the orc.
The orc explodes!
Your foxfire dissipates!
Your foxfire dissipates!
Amaemon is engulfed in blazing flames.
You see here a +0 short sword.
Casting: Inner Flame (safe; 1% risk of failure)
Confirm with . or Enter, or press ? or * to list all spells.
Aiming: Inner Flame (safe; 1% risk of failure)
Press: ? - help, Dir - move target, f - Amaemon
Aim: Amaemon, wielding a -2 demon whip of venom (flame, lightly wounded, chance to affect: 80%) Amaemon barely resists.
Amaemon is engulfed in blazing flames.
Casting: Inner Flame (safe; 1% risk of failure)
Confirm with . or Enter, or press ? or * to list all spells.
Flames lash Amaemon.
Amaemon is heavily wounded.
Amaemon's fire resistance burns away.
Amaemon is engulfed in blazing flames.
Casting: Scorch (safe; 1% risk of failure)
Confirm with . or Enter, or press ? or * to list all spells.
Flames lash Amaemon.
Amaemon is burned terribly!
Amaemon is severely wounded.
You hear a screech!
Amaemon hits you with a -2 demon whip of venom!
* * * LOW HITPOINT WARNING * * *
Amaemon misses you. x2
Casting: Scorch (safe; 1% risk of failure)
Confirm with . or Enter, or press ? or * to list all spells.
Flames lash Amaemon.
Amaemon is burned terribly!
Amaemon is almost dead.
* * * LOW HITPOINT WARNING * * *
Amaemon hits you with a -2 demon whip of venom!
* * * LOW HITPOINT WARNING * * *
Amaemon completely misses you. Amaemon tail-slaps you.
* * * LOW HITPOINT WARNING * * *
Casting: Scorch (safe; 1% risk of failure)
Confirm with . or Enter, or press ? or * to list all spells.
Flames lash Amaemon.
Amaemon is burned terribly!
Amaemon is almost dead.
* * * LOW HITPOINT WARNING * * *
Amaemon closely misses you. Amaemon barely misses you. Amaemon tail-slaps you.
* * * LOW HITPOINT WARNING * * *
An orc comes into view. It is wielding a +0 war axe.
Casting: Scorch (safe; 1% risk of failure)
Confirm with . or Enter, or press ? or * to list all spells.
Flames lash Amaemon.
Amaemon is almost dead.
* * * LOW HITPOINT WARNING * * *
Amaemon closely misses you. Amaemon claws you.
* * * LOW HITPOINT WARNING * * *
Amaemon barely misses you.
Casting: Scorch (safe; 1% risk of failure)
Confirm with . or Enter, or press ? or * to list all spells.
You don't have enough health to cast this spell.
Casting: Foxfire (safe; 1% risk of failure)
Press: ? - help, Q - select action, (/) - cycle Dir - look around, f - activate You conjure some foxfire!
* * * LOW HITPOINT WARNING * * *
Amaemon misses you. Amaemon claws you.
You die...

....#.:## #(#
........#####..######### #.#
#...#..................# #.#
##.##)..#####..#######.## #.#
.......## #..# #..## #.#
#......######..# ###...###.####
#.....)........# ###~≈~~..~...)#.
#....)....o..)####...≈≈~~~~~~~≈#.
#.....#.####))○6@v.#v≈≈≈≈≈≈≈≈≈≈#.
#######.# #§§°...v..≈≈≈≈~≈~~≈≈~#.
#....# #o###.####.~≈≈...~≈≈.#.
#.##.###.###.####.~≈~...~≈≈... #
#......<....##.~≈~...~≈≈...
#.###.###.#.##~~≈≈~~~~≈~.#. #.#
#.# #.#.##.~≈≈≈~≈≈≈≈≈#. #.# #..
... ...~~~~~~≈~~~.. #.#
###.......≈~~.≈~.≈≈.(##


You could see Amaemon (combustible, ally target), an orc wizard and an orc.

Vanquished Creatures
  Pikel (D:4)
  An orc knight (Bailey)
  A merfolk (D:8)
  A wyvern (D:7)
  2 water elementals (D:8)
  A steam dragon (D:8)
  A water moccasin (D:7)
  Duvessa (D:5)
  7 orc warriors
  A sky beast (D:7)
  2 ice beasts
  An ogre (D:4)
  2 centaurs
  2 lemures (D:4)
  Blork the orc (D:4)
  3 kobold brigands
  A scorpion (D:7)
  Dowan (D:5)
  10 killer bees (D:8)
  An electric eel (D:8)
  2 jellies
  2 orc priests
  Crazy Yiuf (D:5)
  3 hounds
  Terence (D:2)
  Jessica (D:2)
  Ijyb (D:3)
  6 orc wizards
  Robin (D:4)
  3 gnolls (D:4)
  5 adders
  A white imp (D:6)
  6 dart slugs
  22 orcs
  9 ball pythons
  10 endoplasms
  A giant cockroach (D:3)
  18 goblins
  8 hobgoblins
  4 jackals (D:3)
  2 quokkas
  5 bats
  3 frilled lizards (D:3)
  23 kobolds
  3 rats
182 creatures vanquished.

Vanquished Creatures (others)
  A water elemental (D:8)
  2 orcs (D:8)
  A hobgoblin (D:8)
  281 foxfires
285 creatures vanquished.

Grand Total: 467 creatures vanquished

Notes
Turn   | Place    | Note
-------+----------+-------------------------------------------
     0 | D:1      | jimonade the Djinni Fire Elementalist began the quest for
                  | the Orb.
     0 | D:1      | jimonade set off with the following spells memorised:
                  | Foxfire, Scorch, Volatile Blastmotes, Inner Flame, Flame
                  | Wave.
     0 | D:1      | Reached XP level 1. HP: 15/15 MP: 0/0
   132 | D:1      | Reached XP level 2. HP: 11/21 MP: 0/0
   512 | D:1      | Reached XP level 3. HP: 20/25 MP: 0/0
   512 | D:1      | Learned a level 1 spell: Kiss of Death
   826 | D:2      | Noticed Jessica
   833 | D:2      | Killed Jessica
   834 | D:2      | Reached XP level 4. HP: 18/31 MP: 0/0
   893 | D:2      | Found an iron altar of Okawaru.
   898 | D:2      | Noticed Terence
   903 | D:2      | Killed Terence
  1085 | D:2      | Reached XP level 5. HP: 23/35 MP: 0/0
  1085 | D:2      | Learned a level 2 spell: Call Imp
  1375 | D:3      | Found a broken altar of Ashenzari.
  1385 | D:3      | Noticed Ijyb
  1392 | D:3      | Killed Ijyb
  1491 | D:3      | Became a worshipper of Ashenzari the Shackled
  1614 | D:3      | Found Olacif's Weapon Boutique.
  1651 | D:3      | Reached skill level 5 in Spellcasting
  1651 | D:3      | Reached skill level 5 in Conjurations
  1651 | D:3      | Reached skill level 5 in Hexes
  1651 | D:3      | Reached skill level 5 in Summonings
  1651 | D:3      | Reached skill level 5 in Necromancy
  1651 | D:3      | Reached skill level 5 in Translocations
  1651 | D:3      | Reached skill level 5 in Fire Magic
  1651 | D:3      | Reached skill level 5 in Ice Magic
  1651 | D:3      | Reached skill level 5 in Air Magic
  1651 | D:3      | Reached skill level 5 in Earth Magic
  1651 | D:3      | Reached skill level 5 in Alchemy
  1686 | D:3      | Found a faded altar of an unknown god.
  1823 | D:4      | Noticed Robin
  1832 | D:4      | Killed Robin
  2085 | D:4      | Noticed a lemure
  2091 | D:4      | Killed a lemure
  2103 | D:4      | Noticed a lemure
  2108 | D:4      | Killed a lemure
  2118 | D:4      | Noticed Pikel
  2123 | D:4      | Noticed a lemure
  2123 | D:4      | Noticed a lemure
  2125 | D:4      | Killed Pikel
  2126 | D:4      | Reached XP level 6. HP: 7/40 MP: 0/0
  2126 | D:4      | Reached XP level 7. HP: 8/45 MP: 0/0
  2126 | D:4      | Learned a level 2 spell: Static Discharge
  2126 | D:4      | HP: 2/45 [cloud of flame (6)]
  2450 | D:4      | Noticed Blork the orc
  2453 | D:4      | Killed Blork the orc
  2454 | D:4      | Reached XP level 8. HP: 20/50 MP: 0/0
  3129 | D:4      | Found a blossoming altar of Fedhas.
  3158 | D:4      | Found an opulent altar of Gozag.
  3246 | D:5      | Entered Level 5 of the Dungeon
  3270 | D:5      | Noticed Duvessa
  3277 | D:5      | Noticed Dowan
  3278 | D:5      | Killed Duvessa
  3283 | D:5      | Killed Dowan
  3468 | D:5      | Reached * piety under Ashenzari
  3948 | D:5      | Found a runed translucent door.
  3949 | D:5      | Noticed Crazy Yiuf
  4058 | D:5      | Killed Crazy Yiuf
  4376 | D:6      | Reached ** piety under Ashenzari
  4677 | D:6      | Reached XP level 9. HP: 20/55 MP: 0/0
  4677 | D:6      | Learned a level 4 spell: Airstrike
  5201 | D:7      | Found a staircase to the Ecumenical Temple.
  5522 | D:7      | Reached *** piety under Ashenzari
  5686 | D:7      | Found a glowing golden altar of the Shining One.
  5923 | D:7      | Reached skill level 10 in Spellcasting
  5923 | D:7      | Reached skill level 10 in Conjurations
  5923 | D:7      | Reached skill level 10 in Hexes
  5923 | D:7      | Reached skill level 10 in Summonings
  5923 | D:7      | Reached skill level 10 in Necromancy
  5923 | D:7      | Reached skill level 10 in Translocations
  5923 | D:7      | Reached skill level 10 in Fire Magic
  5923 | D:7      | Reached skill level 10 in Ice Magic
  5923 | D:7      | Reached skill level 10 in Air Magic
  5923 | D:7      | Reached skill level 10 in Earth Magic
  5923 | D:7      | Reached skill level 10 in Alchemy
  6497 | D:8      | Noticed Amaemon
  6497 | D:8      | Noticed an orange demon
  6544 | D:8      | Found a basalt altar of Yredelemnul.
  6544 | D:8      | Found a snail-covered altar of Cheibriados.
  6545 | D:8      | Found a glowing silver altar of Zin.
  6659 | D:8      | Reached XP level 10. HP: 9/60 MP: 0/0
  6825 | D:8      | Found a flagged portal.
  6859 | Bailey   | Entered a bailey
  7001 | Bailey   | Noticed an orc knight
  7153 | Bailey   | Identified the +7 halberd of Hoguodd {holy, Fly Dex-3 SInv
                  | Stlth+}
  7232 | Bailey   | Identified the +1 sling "Baurphae" {heavy, Int+6}
  7302 | Bailey   | Killed an orc knight
  7743 | D:8      | HP: 2/60 [Amaemon/-2 demon whip of venom (3)]
  7744 | D:8      | Slain by Amaemon

Illustrated notes

Levels and vault maps discovered:
D:1:      lightli_iron_boxes, layout_basic
D:2:      layout_basic, basic_altar, uniq_jessica, uniq_terence
D:3:      layout_loops_ring, nicolae_ru_great_annihilating_truth,
          evilmike_ruin_ashenzari, shapermc_ecumenical_altar_mp_ritualfount,
          serial_shops, shop, chequers_serial_rivers_micro_e,
          chequers_serial_rivers_micro_e, uniq_ijyb
D:4:      layout_loops_ring, mainiacjoe_overflow_two_lobes,
          hangedman_decor_growths, uniq_pikel, uniq_blork_the_orc, uniq_robin
D:5:      layout_basic, uniq_crazy_yiuf_cottage, uniq_duvessa
D:6:      layout_basic, nicolae_sif_muna_condensation,
          nicolae_overflow_hidden_temple
D:7:      layout_basic, lemuel_round_altar, lemuel_temple_firewalk_b
D:8:      layout_loops_ring, gammafunk_temple_overflow_claw, enter_bailey_4,
          chequers_serial_rivers_micro_e, minivault_25,
          hangedman_decor_clover_reticule, nicolae_rank_and_phial, uniq_amaemon

Skill      XL: |  1  2  3  4  5  6  7  8  9 10 |
---------------+-------------------------------+-----
Spellcasting   | 4 6 7 8 10 12 | 12.1
Conjurations   | 4 6 7 8 10 12 | 12.1
Hexes          | 4 6 7 8 10 12 | 12.1
Summonings     | 4 6 7 8 10 12 | 12.1
Necromancy     | 4 6 7 8 10 12 | 12.1
Translocations | 4 6 7 8 10 12 | 12.1
Fire Magic     | 4 6 7 8 10 12 | 12.1
Ice Magic      | 4 6 7 8 10 12 | 12.1
Air Magic      | 4 6 7 8 10 12 | 12.1
Earth Magic    | 4 6 7 8 10 12 | 12.1
Alchemy        | 4 6 7 8 10 12 | 12.1
Dodging        | |  2.1
Stealth        | |  1.5

Action                     |  1- 3 |  4- 6 |  7- 9 | 10-12 || total
---------------------------+-------+-------+-------+-------++-------
  Melee: Staff             |       |       |       |     4 ||     4
   Cast: Foxfire           |    15 |    52 |    38 |    55 ||   160
         Scorch            |    18 |    26 |    89 |    23 ||   156
         Kiss of Death     |     1 |       |       |       ||     1
         Inner Flame       |       |     9 |    14 |    29 ||    52
         Call Imp          |       |     1 |     4 |     1 ||     6
 Invoke: Curse Item        |       |       |     4 |       ||     4
         Shatter the Chain |       |       |     1 |     1 ||     2
 Armour: Robe              |     7 |     5 |    16 |       ||    28
         Leather armour    |       |       |    12 |    12 ||    24
         Steam dragon scal |       |       |       |     7 ||     7
  Dodge: Dodged            |     9 |     9 |    46 |    62 ||   126
